 Dungeon Crawl Stone Soup version 0.31-a0-214-gb37851dbb3 (webtiles) character file.

Game seed: 11007522974980689695

67 qw the Shooter (level 4, -2/26 HPs)
             Began as a Gargoyle Hexslinger on July 1, 2023.
             Slain by an orc
             ... wielding a +4 dagger
              (5 damage)
             ... on level 2 of the Dungeon.
             The game lasted 00:00:33 (988 turns).

qw the Shooter (Gargoyle Hexslinger)                 Turns: 988, Time: 00:00:33

Health: -2/26      AC:  8    Str: 11    XL:     4   Next: 16%
Magic:  5/5        EV: 10    Int: 14    God:
Gold:   44         SH:  0    Dex: 14    Spells: 4/5 levels left

rFire   + . .        Y - +1 sling
rCold   + . .        (no shield)
rNeg    + . .        f - +0 ring mail
rPois   inf          (no helmet)
rElec   +            j - scarf {rC+ rF+}
rCorr   .            (no gloves)
SInv    .            (no boots)
Will    .....        (no amulet)
Stlth   +            (no ring)
HPRegen 0.24/turn    (no ring)
MPRegen 0.09/turn

%: no passive effects
@: no status effects
A: sickness immunity, AC +3, negative energy resistance 1, electricity
resistance, torment resistance 1, petrification resistance
a: no special abilities


You were on level 2 of the Dungeon.
You visited 1 branch of the dungeon, and saw 2 of its levels.

You collected 63 gold pieces.
You spent 19 gold pieces at shops.


Innate Abilities, Weirdness & Mutations

You are immune to sickness and miasma.
Your stone body is resilient. (AC +3)
You are immune to poison.
You resist negative energy. (rN+)
You are resistant to electric shocks. (rElec)
You are resistant to unholy torment.
You are immune to petrification.


   Skills:
 - Level 2.0 Fighting
 - Level 4.0 Ranged Weapons
 + Level 0.0 Armour
 - Level 1.5 Dodging
 - Level 1.0 Spellcasting
 - Level 2.6 Hexes


You had 4 spell levels left.
You knew the following spells:

 Your Spells              Type           Power      Damage    Failure   Level
a - Slow                  Hex            32%        N/A       22%         1

Your spell library contained the following spells:

 Spells                   Type           Power      Damage    Failure   Level
 Inner Flame              Hex/Fire       4%         N/A       73%         3
 Portal Projectile        Hex/Tloc       8%         N/A       73%         3
 Cause Fear               Hex            4%         N/A       91%         4

Inventory:

Hand Weapons
 Y - a +1 sling (weapon)
Armour
 f - a +0 ring mail (worn)
 j - a scarf of resistance (worn)
Scrolls
 i - 2 scrolls of identify
Potions
 h - a potion of haste {unknown}
 l - a potion of curing {unknown}
 m - a potion of resistance {unknown}

Dungeon Overview and Level Annotations

Branches:
Dungeon (2/15)

Altars:

Shops:
D:1 *   D:2 [[


Message History

Enter note:
Enter note:
Enter note: You shoot a sling bullet.
The sling bullet barely misses the orc priest.
The sling bullet barely misses the orc.
You shoot a sling bullet.
The sling bullet closely misses the orc.
The sling bullet barely misses the orc.
You shoot a sling bullet. The sling bullet hits the orc priest.
The orc priest is lightly wounded.
The orc priest looks encouraged for a moment.
You shoot a sling bullet.
The sling bullet hits the orc but does no damage.
You shoot a sling bullet. The sling bullet hits the orc.
The orc is heavily wounded.
The orc closely misses you. The hobgoblin completely misses you.
The orc priest invokes the aid of Beogh against you.
Beogh smites you!
Ouch! That really hurt!
You shoot a sling bullet. The sling bullet hits the orc.
You kill the orc!
The hobgoblin closely misses you. The orc closely misses you.
The hobgoblin barely misses you. The orc priest barely misses you.
The orc misses you.
Your Ranged Weapons skill increases to level 4!
You shoot a sling bullet.
The sling bullet closely misses the orc priest.
The hobgoblin hits you.
The orc priest invokes the aid of Beogh against you.
Pain shoots through your body! The orc misses you.
987 ||| DRINKING potion of heal wounds.
You feel much better.
The orc priest invokes the aid of Beogh against you.
You are unaffected.
The orc hits you but does no damage. The hobgoblin hits you.
You shoot a sling bullet.
The sling bullet closely misses the orc priest.
The hobgoblin closely misses you.
The orc priest mumbles some strange prayers to Beogh against you.
Beogh smites you! The orc hits you with a +4 dagger.
You die...

...............#...#.#.....>...#
....####.......###.<...........#
##....##.......####%.>.........#
#..#..#.##.#........#.).......#
#.###...##.#.####...........:.#
#..# ##.%.....###..###.........#
#.## ###..##...#.####.........##
.. #.....#...##...........#. ..
.......###@................ ..
.........goo...####.#...###
...###.(.....##### #..##...# ..#
##......# ##.##.... .# ###....#
#....... .....# ####.... .......
#.... ........ #.... #....


You could see an orc priest, an orc and a hobgoblin.

Vanquished Creatures
  2 adders (D:2)
  3 dart slugs (D:2)
  An orc (D:2)
  4 endoplasms (D:1)
  A giant cockroach (D:2)
  3 hobgoblins
  2 kobolds
  4 quokkas
  4 ball pythons
  4 bats
  2 frilled lizards (D:1)
  5 goblins
  3 rats (D:1)
38 creatures vanquished.

Notes
Turn   | Place    | Note
-------+----------+-------------------------------------------
     0 | D:1      | qw the Gargoyle Hexslinger began the quest for the Orb.
     0 | D:1      | Reached XP level 1. HP: 12/12 MP: 2/2
     0 | D:1      | 0 ||| qw: Version: 0.3-a-32-g5962c71
     0 | D:1      | 0 ||| qw: Game counter: 7473
     0 | D:1      | 0 ||| qw: Melee chars always use a shield: true
     0 | D:1      | 0 ||| qw: God list: Okawaru
     0 | D:1      | 0 ||| qw: Allow faded altars: false
     0 | D:1      | 0 ||| qw: Do Orc after clearing Dungeon:15 true
     0 | D:1      | 0 ||| qw: Do second Lair branch before Depths: true
     0 | D:1      | 0 ||| qw: Lair rune preference: random
     0 | D:1      | 0 ||| qw: Goals: Normal
     0 | D:1      | 0 ||| PLANNING D:1-11
    63 | D:1      | HP: 2/12 [quokka (2)]
   131 | D:1      | Reached XP level 2. HP: 16/16 MP: 3/3
   292 | D:1      | Reached skill level 3 in Ranged Weapons
   468 | D:1      | Found Reaceij's Assorted Antiques.
   472 | D:1      | 472 ||| BUYING bubbling white potion (19 gold).
   472 | D:1      | Bought a bubbling white potion for 19 gold pieces
   472 | D:1      | 472 ||| SHOPLISTING glowing cyan potion (19 gold, have 5).
   472 | D:1      | 472 ||| SHOPLISTING grey potion (19 gold, have 5).
   472 | D:1      | 472 ||| SHOPLISTING lumpy pink potion (19 gold, have 5).
   472 | D:1      | 472 ||| SHOPLISTING scroll labelled MIDAUKH NOFOPH (22
                  | gold, have 5).
   472 | D:1      | 472 ||| SHOPLISTING scroll labelled OTO VOYTAU (22 gold,
                  | have 5).
   472 | D:1      | 472 ||| SHOPLISTING viscous cyan potion (19 gold, have 5).
   682 | D:1      | 682 ||| UPGRADING to +0 ring mail.
   692 | D:1      | 692 ||| DROPPING +0 robe.
   693 | D:1      | 693 ||| UPGRADING to scarf of resistance.
   698 | D:1      | 698 ||| READING scroll labelled YDAGRYRORGHA.
   699 | D:1      | 699 ||| READING scroll labelled RIOHUE LINTEI.
   700 | D:1      | 700 ||| READING 3 scrolls labelled JUYLYW FOALAET.
   701 | D:1      | 701 ||| DRINKING 2 pink potions.
   702 | D:1      | 702 ||| READING 2 scrolls of identify.
   702 | D:1      | 702 ||| IDENTIFYING inky potion
   703 | D:1      | 703 ||| DROPPING scroll of poison.
   704 | D:1      | 704 ||| DROPPING potion of brilliance.
   732 | D:2      | Reached XP level 3. HP: 21/21 MP: 4/4
   736 | D:2      | 736 ||| STAIRDANCE
   843 | D:2      | Found Acvas's Armour Boutique.
   876 | D:2      | Found Calyikoe's Armour Emporium.
   878 | D:2      | 878 ||| SHOPLISTING +2 leather armour of willpower (209
                  | gold, have 14).
   878 | D:2      | 878 ||| SHOPLISTING +3 ring mail of willpower (286 gold,
                  | have 14).
   901 | D:2      | 901 ||| SHOPLISTING +0 pair of gloves of strength (161
                  | gold, have 32).
   901 | D:2      | 901 ||| SHOPLISTING +2 cloak of willpower (301 gold, have
                  | 32).
   901 | D:2      | 901 ||| SHOPLISTING +2 pair of boots of stealth (301 gold,
                  | have 32).
   901 | D:2      | 901 ||| SHOPLISTING +2 ring mail of cold resistance (294
                  | gold, have 32).
   917 | D:2      | Reached XP level 4. HP: 26/26 MP: 5/5
   986 | D:2      | Reached skill level 4 in Ranged Weapons
   986 | D:2      | HP: 4/26 [orc priest/nerve-wracking pain (5)]
   987 | D:2      | 987 ||| DRINKING potion of heal wounds.
   988 | D:2      | Slain by an orc

Levels and vault maps discovered:
D:1:      dpeg_arrival_rooms_b, layout_basic, serial_shops, shop
D:2:      layout_rooms, serial_shops, nicolae_shop_advertising_works
          [nicolae_subvault_shop_adworks], shop

Skill      XL: |  1  2  3  4 |
---------------+-------------+-----
Ranged Weapons | 3 4 |  4.0
Fighting       | 2 |  2.0
Dodging        | |  1.5
Spellcasting   | |  1.0
Hexes          | |  2.6

Action                     |  1- 3 |  4- 6 || total
---------------------------+-------+-------++-------
   Fire: Sling             |   113 |    20 ||   133
    Use: Scroll            |     4 |       ||     4
         Potion            |     1 |     1 ||     2
 Armour: Robe              |    11 |       ||    11
         Ring mail         |    14 |     2 ||    16
  Dodge: Dodged            |    36 |    11 ||    47

Table legend:
 A = Non-vault XP
 B = Vault XP
 C = Vault XP percentage of total XP
 D = Non-vault monster count
 E = Vault monster count
 F = Vault count percentage of total count
                 A         B        C        D         E       F
            +---------+---------+-------+---------+---------+-------
      Total |      96 |       0 |   0.0 |      38 |       0 |   0.0
            +---------+---------+-------+---------+---------+-------
        D:1 |      36 |       0 |   0.0 |      23 |       0 |   0.0
        D:2 |      60 |       0 |   0.0 |      15 |       0 |   0.0
            +---------+---------+-------+---------+---------+-------
